 Dungeon Crawl Stone Soup version 0.29.1-2-gbd0b4ee654 (webtiles) character file.

Game seed: 5232020681716092829

588 xian the Shield-Bearer (level 7, -3/60 HPs)
             Began as a Yellow Draconian Fighter on Nov 23, 2022.
             Succumbed to a gnoll sergeant's poison
             ... on level 5 of the Dungeon.
             The game lasted 00:08:23 (4729 turns).

xian the Shield-Bearer (Yellow Draconian Fighter)   Turns: 4729, Time: 00:08:23

Health: -3/60      AC:  8    Str: 20    XL:     7   Next: 15%
Magic:  7/7        EV: 12    Int:  9    God:
Gold:   153        SH:  9    Dex: 10    Spells: 6/6 levels left

rFire   . . .      SeeInvis .   a - +0 war axe
rCold   . . .      Faith    .   b - +0 buckler
rNeg    . . .      Spirit   .   (body armour unavailable)
rPois   .          Reflect  +   (helmet restricted)
rElec   .          Harm     .   z - +0 cloak
rCorr   +          Rampage  .   (no gloves)
Will    .....                   w - +0 pair of boots
Stlth   +.........              g - amulet of reflection
HPRegen 0.20/turn               (no ring)
MPRegen 0.10/turn               (no ring)

@: mighty, lethally poisoned (-3 -> -21), short of breath
A: spit acid, AC +6, unfitting armour, cold-blooded, acid resistance
a: Breathe Acid


You were on level 5 of the Dungeon.
You visited 1 branch of the dungeon, and saw 5 of its levels.

You collected 153 gold pieces.

Inventory:

Hand Weapons
 a - a +0 war axe (weapon)
Missiles
 t - 10 poisoned darts (quivered)
 u - 2 datura-tipped darts
Armour
 b - a +0 buckler (worn)
 s - an orb of light
 w - a +0 pair of boots (worn)
 z - a +0 cloak (worn)
Jewellery
 g - an amulet of reflection (around neck)
 h - an amulet of the acrobat
Wands
 C - a wand of polymorph (7)
Scrolls
 e - 3 scrolls of magic mapping {unknown}
 f - 3 scrolls of identify {unknown}
 j - a scroll of teleportation {unknown}
 q - 4 scrolls of brand weapon {unknown}
 r - 2 scrolls of fog {unknown}
 x - a scroll of poison {unknown}
 y - 3 scrolls of immolation {unknown}
 A - a scroll of noise {unknown}
 B - a scroll of vulnerability {unknown}
 D - a scroll of summoning {unknown}
Potions
 c - a potion of might
 d - 2 potions of haste {unknown}
 i - 2 potions of cancellation {unknown}
 k - a potion of curing
 l - a potion of ambrosia {unknown}
 m - 2 potions of brilliance {unknown}
 n - 2 potions of heal wounds {unknown}
 o - 2 potions of flight {unknown}
 p - 2 potions of attraction {unknown}
 v - a potion of lignification {unknown}


   Skills:
 + Level 4.3 Fighting
 + Level 4.7 Axes
 + Level 1.3 Throwing
 + Level 4.2 Dodging
 + Level 0.6 Stealth
 + Level 4.8 Shields
 + Level 0.1 Unarmed Combat


You had 6 spell levels left.
You didn't know any spells.
Your spell library contained the following spells:

 Spells                   Type           Power      Damage    Failure   Level
 Dazzling Flash           Conj/Hex       0%         N/A       83%         3
 Frozen Ramparts          Ice            0%         1d1       83%         3
 Anguish                  Hex/Necr       0%         N/A       99%         4
 Ice Form                 Ice/Tmut       0%         N/A       99%         4
 Summon Ice Beast         Ice/Summ       0%         N/A       99%         4
 Agony                    Necr           0%         N/A       100%        5
 Silence                  Hex/Air        0%         N/A       100%        5
 Enfeeble                 Hex            0%         N/A       100%        7


Dungeon Overview and Level Annotations

Branches:
Dungeon (5/15)
 Temple: D:4-7

Altars:


Innate Abilities, Weirdness & Mutations

You can spit globs of acid.
Your golden yellow scales are hard. (AC +6)
You cannot fit into any form of body armour.
You are cold-blooded and may be slowed by cold attacks.
You are resistant to acid. (rCorr)


Message History

Okay, then.
Unknown command.
Unknown command.
You throw a poisoned dart.
The poisoned dart hits the gnoll sergeant.
The gnoll sergeant is poisoned.
You throw a poisoned dart.
The poisoned dart completely misses the gnoll sergeant.
Press: ? - help, Shift-Dir - straight line, f/p - gnoll sergeant
Aim: a gnoll sergeant, wielding a +5 spear of venom and wearing a +0 scale mail (lightly wounded, poisoned, 74% to hit)
You spit a glob of acid.
The glob of acid misses the gnoll sergeant.
The gnoll sergeant drinks a potion.
The gnoll sergeant is healed!
The gnoll sergeant looks more healthy.
The gnoll sergeant hits you but does no damage.
You are poisoned.
You feel very mighty all of a sudden.
You feel very sick.
The gnoll sergeant hits you with a +5 spear of venom.
You are more poisoned.
Unknown command.
You slash the gnoll sergeant!
The gnoll sergeant is heavily wounded.
You feel very sick.
The gnoll sergeant hits you with a +5 spear of venom!
* * * LOW HITPOINT WARNING * * *
You are lethally poisoned!
You barely miss the gnoll sergeant.
The gnoll sergeant is heavily wounded.
* * * LOW HITPOINT WARNING * * *
You feel extremely sick. The gnoll sergeant closely misses you.
You barely miss the gnoll sergeant. You tail-slap the gnoll sergeant!
The gnoll sergeant is almost dead.
* * * LOW HITPOINT WARNING * * *
You feel very sick. The gnoll sergeant barely misses you.
You slash the gnoll sergeant!
You kill the gnoll sergeant!
You die...

.... #.#.##
##....... ..[.
####....####........
# #..
...........+........
#.....
###....####........
....#.####(...##
##.......
#......l(...##
##.....#
#.###...#.†.#
##...## #.#.#)###
##'## #...#@#
#####.### ....###†#
#.......# ..l#.# #.#
#.###.#.# 5.... #.#
#.##....# #c## #.#
######.#.....# ...
#.###.............
.#
#....#.###.###.#.#
#####.## #.# #.#.#
### #.###.#.#


There were no monsters in sight!

Vanquished Creatures
  A centaur (D:5)
  A bullfrog (D:5)
  A gnoll sergeant (D:5)
  A scorpion (D:5)
  2 hounds
  A gnoll bouda (D:5)
  2 iguanas (D:5)
  Natasha (thrice) (D:4)
  3 gnolls (D:5)
  4 adders
  A white imp (D:4)
  3 worms
  4 dart slugs
  An orc (D:3)
  6 endoplasms
  A giant cockroach (D:2)
  11 goblins
  5 hobgoblins
  2 jackals (D:2)
  10 kobolds
  4 quokkas
  7 ball pythons
  6 bats
  3 frilled lizards (D:1)
  6 rats
89 creatures vanquished.

Notes
Turn   | Place    | Note
-------+----------+-------------------------------------------
     0 | D:1      | xian the Draconian Fighter began the quest for the Orb.
     0 | D:1      | Reached XP level 1. HP: 19/19 MP: 1/1
   227 | D:1      | Reached XP level 2. HP: 12/26 MP: 2/2
   957 | D:1      | Reached XP level 3. HP: 31/31 MP: 3/3
  1967 | D:3      | Reached XP level 4. HP: 36/40 MP: 4/4
  2005 | D:3      | Noticed an eye of devastation
  2007 | D:3      | Found a faded altar of an unknown god.
  2009 | D:3      | Noticed a great orb of eyes
  2009 | D:3      | Noticed a shining eye
  2009 | D:3      | Noticed a golden eye
  3115 | D:4      | Noticed Natasha
  3132 | D:4      | Killed Natasha
  3133 | D:4      | Reached XP level 5. HP: 18/46 MP: 5/5
  3707 | D:4      | Noticed Natasha
  3723 | D:4      | Killed Natasha
  3830 | D:4      | Noticed Natasha
  3839 | D:4      | Killed Natasha
  4010 | D:5      | Entered Level 5 of the Dungeon
  4119 | D:5      | Reached XP level 6. HP: 29/52 MP: 6/6
  4670 | D:5      | Reached skill level 1 in Throwing
  4683 | D:5      | Your scales start taking on a golden yellow colour.
  4683 | D:5      | Reached XP level 7. HP: 41/60 MP: 7/7
  4683 | D:5      | Gained mutation: You are resistant to acid. (rCorr) [Yellow
                  | Draconian growth]
  4728 | D:5      | HP: 2/60 [poisoned by a gnoll sergeant]
  4729 | D:5      | Succumbed to a gnoll sergeant's poison

Illustrated notes

Levels and vault maps discovered:
D:1:      psy_arrival_whirlpool, layout_basic, hangedman_decor_clover_reticule,
          kennysheep_crisscross
D:2:      layout_basic, grunt_decor_cap
D:3:      layout_rooms, hellmonk_ecumenical_altar_watching_god
D:4:      layout_loops_corners, uniq_natasha
D:5:      layout_loops_corners, minmay_fractal_squares_5,
          uniq_crazy_yiuf_cottage

Skill      XL: |  1  2  3  4  5  6 |
---------------+-------------------+-----
Dodging        | 3 4 |  4.2
Axes           | 3 4 |  4.7
Shields        | 4 |  4.8
Fighting       | 4 |  4.3
Throwing       | 1 |  1.3
Stealth        | |  0.6
Unarmed Combat | |  0.1

Action                   |  1- 3 |  4- 6 |  7- 9 || total
-------------------------+-------+-------+-------++-------
Melee: War axe           |   135 |   136 |    15 ||   286
       Tailslap          |    11 |    16 |     1 ||    28
       Unarmed           |       |     4 |       ||     4
Throw: Dart              |       |    25 |     2 ||    27
 Abil: Breathe Acid      |       |       |     1 ||     1
  Use: Potion            |       |       |     1 ||     1
 Stab: Sleeping          |       |     1 |       ||     1
Armor: Skin              |    31 |    30 |     7 ||    68
Dodge: Dodged            |    81 |    64 |     3 ||   148
Block: Buckler           |    75 |    90 |     4 ||   169
       Reflection        |     2 |     7 |       ||     9
